[ AOE2 MATCH · #495270677 ]
UnrankedIncas vs Slavs
Player's team · WIN
Rival team · LOSS
[ REPLAY ANALYSIS · EXTRACTED FROM THE RECORDED GAME ]
Feudal
8:51
Castle
22:34
Imperial
40:22
| APM avg | 95.1 |
| APM peak | 153 |
| eAPM avg | 51.0 |
| Villagers / military | 104 / 146 |
Focus
⚔️ 69.5% · 🌾 30.5%
Archer ×77 · Skirmisher ×51 · Monk ×9 · Unknown (2550) ×8 · Battering Ram ×5 · Mangonel ×2
Feudal
10:36
Castle
23:33
Imperial
43:25
| APM avg | 65.2 |
| APM peak | 112 |
| eAPM avg | 36.4 |
| Villagers / military | 138 / 108 |
Focus
⚔️ 45.2% · 🌾 54.8%
Skirmisher ×56 · Militia ×14 · Knight ×13 · Scout Cavalry ×9 · Trebuchet (Packed) ×5 · Mangonel ×4
Match map
Initial resources + every placement click. Lines = walls · curves = elevation contours. ◆ gold · ⬟ stone · ● berries · ✦ relic · ◌ wall gap
Your base· Open — unwalled flank
F1Re's base· Open — 4t gap
Smoothed initial terrain · ◌ = detected wall gap · hover for details
Inputs per minute
— Dark_aoe - - F1Re
Build order — Dark_aoe
First 150 of 373 actions detected
| 0:00 | Queue | Villager (Male) |
| 0:01 | Build | House |
| 0:05 | Build | House |
| 0:20 | Queue | Villager (Male) |
| 0:48 | Queue | Villager (Male) |
| 0:50 | Queue | Villager (Male) |
| 0:50 | Queue | Villager (Male) |
| 1:30 | Queue | Villager (Male) |
| 1:56 | Build | Settlement |
| 2:06 | Queue | Villager (Male) |
| 2:07 | Queue | Villager (Male) |
| 2:23 | Queue | Villager (Male) |
| 2:53 | Queue | Villager (Male) |
| 2:53 | Queue | Villager (Male) |
| 3:14 | Queue | Villager (Male) |
| 3:30 | Build | Outpost |
| 3:37 | Queue | Villager (Male) |
| 3:54 | Queue | Villager (Male) |
| 4:26 | Queue | Villager (Male) |
| 4:44 | Queue | Villager (Male) |
| 5:22 | Queue | Villager (Male) |
| 5:42 | Queue | Villager (Male) |
| 5:51 | Research | Loom |
| 5:57 | Build | Palisade Wall |
| 6:16 | Build | Outpost |
| 6:25 | Research | Feudal Age |
| 6:50 | Queue | Villager (Male) |
| 8:07 | Build | Barracks |
| 8:31 | Build | Outpost |
| 8:51 | Age | Feudal Age |
| 9:04 | Build | Archery Range |
| 9:15 | Queue | Villager (Male) |
| 9:24 | Build | Outpost |
| 9:31 | Build | Outpost |
| 9:34 | Queue | Villager (Male) |
| 9:37 | Queue | Unit 2550 |
| 9:37 | Queue | Unit 2550 |
| 10:05 | Queue | Villager (Male) |
| 10:15 | Queue | Skirmisher |
| 10:27 | Research | Tech 1402 |
| 10:32 | Queue | Skirmisher |
| 10:33 | Queue | Villager (Male) |
| 10:51 | Queue | Villager (Male) |
| 10:53 | Build | Settlement |
| 11:03 | Queue | Unit 2550 |
| 11:11 | Queue | Skirmisher |
| 11:14 | Queue | Villager (Male) |
| 11:25 | Queue | Villager (Male) |
| 11:39 | Queue | Unit 2550 |
| 11:50 | Queue | Skirmisher |
| 12:07 | Queue | Villager (Male) |
| 12:18 | Queue | Skirmisher |
| 12:27 | Build | Farm |
| 12:28 | Build | Farm |
| 12:28 | Build | Farm |
| 12:33 | Build | Farm |
| 12:36 | Queue | Villager (Male) |
| 12:48 | Build | Watch Tower |
| 13:07 | Build | Palisade Wall |
| 13:09 | Build | Palisade Wall |
| 13:09 | Queue | Villager (Male) |
| 13:11 | Build | Palisade Wall |
| 13:13 | Build | Farm |
| 13:17 | Build | Farm |
| 13:25 | Queue | Skirmisher |
| 13:30 | Build | Farm |
| 13:32 | Build | Farm |
| 13:33 | Queue | Villager (Male) |
| 13:33 | Queue | Villager (Male) |
| 13:39 | Queue | Archer |
| 13:57 | Build | Palisade Wall |
| 13:58 | Build | Palisade Wall |
| 14:00 | Queue | Villager (Male) |
| 14:04 | Queue | Unit 2550 |
| 14:06 | Queue | Archer |
| 14:18 | Queue | Villager (Male) |
| 14:27 | Build | House |
| 14:28 | Queue | Villager (Male) |
| 14:40 | Queue | Villager (Male) |
| 14:43 | Build | Farm |
| 14:44 | Build | Farm |
| 14:46 | Queue | Unit 2550 |
| 14:57 | Build | Settlement |
| 15:05 | Queue | Villager (Male) |
| 15:07 | Build | House |
| 15:19 | Queue | Villager (Male) |
| 15:22 | Queue | Archer |
| 15:39 | Build | Watch Tower |
| 15:42 | Queue | Villager (Male) |
| 15:54 | Queue | Archer |
| 15:55 | Queue | Villager (Male) |
| 15:57 | Queue | Skirmisher |
| 16:08 | Build | Palisade Wall |
| 16:09 | Build | Palisade Wall |
| 16:11 | Build | House |
| 16:24 | Queue | Villager (Male) |
| 16:39 | Queue | Skirmisher |
| 16:43 | Build | House |
| 16:43 | Queue | Villager (Male) |
| 17:15 | Build | Palisade Wall |
| 17:16 | Queue | Villager (Male) |
| 17:17 | Build | Palisade Wall |
| 17:35 | Queue | Archer |
| 17:54 | Build | Farm |
| 17:55 | Build | Farm |
| 17:59 | Build | Archery Range |
| 18:07 | Queue | Villager (Male) |
| 18:30 | Queue | Villager (Male) |
| 18:49 | Build | Blacksmith |
| 19:02 | Build | Settlement |
| 19:24 | Research | Town Watch |
| 19:29 | Research | Double-Bit Axe |
| 19:32 | Build | Farm |
| 19:43 | Build | Farm |
| 19:54 | Research | Castle Age |
| 19:55 | Queue | Archer |
| 20:05 | Queue | Archer |
| 20:07 | Queue | Skirmisher |
| 20:27 | Queue | Villager (Male) |
| 20:32 | Queue | Skirmisher |
| 20:32 | Queue | Skirmisher |
| 20:34 | Queue | Skirmisher |
| 20:37 | Build | Watch Tower |
| 20:40 | Build | Palisade Gate |
| 20:56 | Build | House |
| 20:58 | Build | Farm |
| 21:26 | Queue | Villager (Male) |
| 21:29 | Queue | Archer |
| 21:29 | Queue | Archer |
| 21:33 | Research | Horse Collar |
| 21:33 | Research | Horse Collar |
| 21:33 | Research | Horse Collar |
| 21:53 | Research | Fletching |
| 21:53 | Research | Fletching |
| 21:59 | Queue | Archer |
| 21:59 | Queue | Archer |
| 22:01 | Queue | Villager (Male) |
| 22:31 | Build | Palisade Wall |
| 22:34 | Age | Castle Age |
| 22:40 | Research | Bodkin Arrow |
| 22:40 | Research | Bodkin Arrow |
| 22:57 | Queue | Villager (Male) |
| 23:00 | Queue | Skirmisher |
| 23:00 | Queue | Skirmisher |
| 23:30 | Queue | Villager (Male) |
| 23:35 | Build | Farm |
| 23:40 | Research | Bow Saw |
| 23:41 | Research | Elite Skirmisher (upgrade) |
| 23:44 | Queue | Skirmisher |
| 23:49 | Queue | Villager (Male) |
Build order — F1Re
First 150 of 462 actions detected
| 0:00 | Queue | Villager (Male) |
| 0:01 | Build | House |
| 0:03 | Build | House |
| 0:06 | Queue | Villager (Male) |
| 0:07 | Queue | Villager (Male) |
| 0:09 | Queue | Villager (Male) |
| 1:32 | Queue | Villager (Male) |
| 1:32 | Queue | Villager (Male) |
| 1:57 | Queue | Villager (Male) |
| 1:57 | Queue | Villager (Male) |
| 2:20 | Queue | Villager (Male) |
| 2:43 | Queue | Villager (Male) |
| 2:47 | Build | Barracks |
| 3:08 | Queue | Villager (Male) |
| 3:30 | Build | Palisade Wall |
| 3:31 | Build | Palisade Wall |
| 3:32 | Build | Palisade Wall |
| 3:49 | Queue | Villager (Male) |
| 3:49 | Queue | Militia |
| 4:01 | Build | House |
| 4:06 | Queue | Villager (Male) |
| 4:15 | Queue | Militia |
| 4:36 | Queue | Villager (Male) |
| 4:40 | Build | House |
| 4:58 | Research | Loom |
| 4:59 | Queue | Militia |
| 5:29 | Queue | Villager (Male) |
| 5:49 | Queue | Villager (Male) |
| 6:08 | Queue | Villager (Male) |
| 6:33 | Build | Lumber Camp |
| 6:35 | Queue | Villager (Male) |
| 6:57 | Queue | Villager (Male) |
| 7:19 | Queue | Villager (Male) |
| 7:54 | Queue | Villager (Male) |
| 8:26 | Research | Feudal Age |
| 8:26 | Research | Feudal Age |
| 8:58 | Build | Mill |
| 9:12 | Build | House |
| 9:13 | Build | Palisade Wall |
| 9:13 | Build | Palisade Wall |
| 10:14 | Build | Farm |
| 10:23 | Build | Palisade Wall |
| 10:32 | Queue | Villager (Male) |
| 10:36 | Age | Feudal Age |
| 10:44 | Build | Archery Range |
| 10:49 | Build | Palisade Wall |
| 10:49 | Build | Palisade Wall |
| 10:50 | Build | Palisade Wall |
| 10:50 | Build | Palisade Wall |
| 10:58 | Queue | Villager (Male) |
| 11:00 | Research | Double-Bit Axe |
| 11:00 | Research | Double-Bit Axe |
| 11:10 | Build | House |
| 11:17 | Queue | Villager (Male) |
| 11:24 | Queue | Skirmisher |
| 11:30 | Build | Palisade Wall |
| 11:31 | Build | Palisade Wall |
| 11:38 | Build | Farm |
| 11:39 | Queue | Villager (Male) |
| 11:42 | Queue | Skirmisher |
| 11:54 | Build | House |
| 11:59 | Queue | Skirmisher |
| 12:10 | Queue | Villager (Male) |
| 12:10 | Queue | Skirmisher |
| 12:14 | Queue | Villager (Male) |
| 12:20 | Queue | Villager (Male) |
| 12:20 | Queue | Villager (Male) |
| 12:24 | Queue | Villager (Male) |
| 12:30 | Build | Farm |
| 12:38 | Queue | Skirmisher |
| 12:48 | Build | Farm |
| 12:48 | Build | Farm |
| 12:49 | Queue | Skirmisher |
| 13:04 | Queue | Skirmisher |
| 13:17 | Build | Farm |
| 13:23 | Queue | Militia |
| 13:23 | Queue | Militia |
| 13:34 | Build | Mining Camp |
| 13:36 | Build | Mining Camp |
| 13:45 | Build | Farm |
| 13:50 | Queue | Skirmisher |
| 14:00 | Queue | Skirmisher |
| 14:15 | Build | Watch Tower |
| 14:32 | Queue | Villager (Male) |
| 14:35 | Build | Farm |
| 14:40 | Build | Farm |
| 14:46 | Queue | Militia |
| 14:48 | Queue | Villager (Male) |
| 14:50 | Build | Farm |
| 14:59 | Queue | Skirmisher |
| 15:05 | Build | Farm |
| 15:20 | Queue | Militia |
| 15:21 | Research | Man-at-Arms (upgrade) |
| 15:27 | Queue | Villager (Male) |
| 15:29 | Build | Farm |
| 15:31 | Build | Farm |
| 15:50 | Research | Town Watch |
| 15:50 | Research | Town Watch |
| 16:13 | Queue | Militia |
| 16:41 | Queue | Skirmisher |
| 16:47 | Queue | Skirmisher |
| 17:03 | Queue | Skirmisher |
| 17:06 | Queue | Villager (Male) |
| 17:24 | Build | Blacksmith |
| 17:33 | Queue | Villager (Male) |
| 17:34 | Build | Farm |
| 17:35 | Queue | Militia |
| 17:38 | Queue | Skirmisher |
| 17:45 | Research | Horse Collar |
| 17:45 | Research | Horse Collar |
| 17:47 | Build | Farm |
| 17:48 | Research | Fletching |
| 17:49 | Research | Fletching |
| 17:57 | Queue | Skirmisher |
| 17:58 | Research | Padded Archer Armor |
| 17:58 | Research | Padded Archer Armor |
| 17:59 | Queue | Villager (Male) |
| 18:32 | Queue | Villager (Male) |
| 18:35 | Queue | Militia |
| 18:40 | Build | Farm |
| 18:42 | Build | Farm |
| 18:44 | Build | Farm |
| 18:58 | Queue | Villager (Male) |
| 19:07 | Build | Farm |
| 19:09 | Build | Farm |
| 19:14 | Queue | Militia |
| 19:24 | Queue | Villager (Male) |
| 19:27 | Build | Market |
| 19:30 | Build | House |
| 19:42 | Queue | Archer |
| 19:52 | Queue | Villager (Male) |
| 19:58 | Build | Farm |
| 20:06 | Queue | Militia |
| 20:10 | Build | Palisade Wall |
| 20:14 | Build | Palisade Wall |
| 20:27 | Queue | Skirmisher |
| 20:28 | Queue | Villager (Male) |
| 20:29 | Build | Farm |
| 20:47 | Research | Castle Age |
| 20:47 | Research | Castle Age |
| 20:47 | Research | Castle Age |
| 21:01 | Queue | Skirmisher |
| 21:13 | Queue | Skirmisher |
| 21:34 | Build | Mining Camp |
| 21:34 | Queue | Skirmisher |
| 21:39 | Queue | Militia |
| 21:41 | Research | Scale Mail Armor |
| 21:41 | Research | Scale Mail Armor |
| 21:49 | Build | House |
| 22:11 | Research | Padded Archer Armor |
Match timeline
| 2:47 | F1Re · first_building Barracks |
| 3:30 | F1Re · wall_segment Palisade Wall x1 |
| 3:31 | F1Re · wall_segment Palisade Wall x1 |
| 3:32 | F1Re · wall_segment Palisade Wall x1 |
| 5:57 | Dark_aoe · wall_segment Palisade Wall x1 |
| 8:07 | Dark_aoe · first_building Barracks |
| 8:51 | Dark_aoe · age_up feudal |
| 9:04 | Dark_aoe · first_building Archery Range |
| 9:13 | F1Re · wall_segment Palisade Wall x1 |
| 9:13 | F1Re · wall_segment Palisade Wall x1 |
| 10:23 | F1Re · wall_segment Palisade Wall x4 |
| 10:36 | F1Re · age_up feudal |
| 10:44 | F1Re · first_building Archery Range |
| 10:49 | F1Re · wall_segment Palisade Wall x1 |
| 10:49 | F1Re · wall_segment Palisade Wall x1 |
| 10:50 | F1Re · wall_segment Palisade Wall x1 |
| 10:50 | F1Re · wall_segment Palisade Wall x1 |
| 11:30 | F1Re · wall_segment Palisade Wall x1 |
| 11:31 | F1Re · wall_segment Palisade Wall x1 |
| 13:07 | Dark_aoe · wall_segment Palisade Wall x2 |
| 13:09 | Dark_aoe · wall_segment Palisade Wall x1 |
| 13:11 | Dark_aoe · wall_segment Palisade Wall x1 |
| 13:57 | Dark_aoe · wall_segment Palisade Wall x1 |
| 13:58 | Dark_aoe · wall_segment Palisade Wall x1 |
| 16:08 | Dark_aoe · wall_segment Palisade Wall x1 |
| 16:09 | Dark_aoe · wall_segment Palisade Wall x1 |
| 17:15 | Dark_aoe · wall_segment Palisade Wall x1 |
| 17:17 | Dark_aoe · wall_segment Palisade Wall x1 |
| 20:10 | F1Re · wall_segment Palisade Wall x1 |
| 20:14 | F1Re · wall_segment Palisade Wall x1 |
| 20:26 | F1Re · first_market_buy 100 food |
| 22:31 | Dark_aoe · wall_segment Palisade Wall x1 |
| 22:34 | Dark_aoe · age_up castle |
| 22:41 | F1Re · first_building Stable |
| 23:33 | F1Re · age_up castle |
| 25:30 | Dark_aoe · first_building Monastery |
| 25:55 | Dark_aoe · wall_segment Palisade Wall x1 |
| 28:03 | Dark_aoe · wall_segment Stone Wall x1 |
| 28:06 | Dark_aoe · wall_segment Stone Wall x1 |
| 28:08 | Dark_aoe · wall_segment Stone Wall x1 |
| 28:21 | F1Re · first_building Siege Workshop |
| 32:06 | F1Re · wall_segment Stone Wall x1 |
| 33:15 | Dark_aoe · first_building Siege Workshop |
| 34:07 | F1Re · first_market_sell 100 stone |
| 35:34 | F1Re · first_building Castle |
| 36:37 | Dark_aoe · first_building Castle |
| 40:22 | Dark_aoe · age_up imperial |
| 43:25 | F1Re · age_up imperial |
| 45:23 | F1Re · resign |
[ AI ANALYSIS · 1 CREDIT ]
What really happened in this match?
Wolo.gg analyzes every decision: build order, eco, micro, common mistakes by bracket. Personalized analysis on WhatsApp or Discord in 30 seconds.
Civ guide
Incas
Perfil
Jugador #1407942